Map: [ESL] Cosmic Sapphire

Players

ShoWTimE - Winner!

  • Race: Protoss Protoss
  • Spawn Location: 11:00

Nice

  • Race: Protoss Protoss
  • Spawn Location: 5:00

Event: DreamHack SC2 Masters 2022 Valencia

VOD

Have the link to the VOD?

Description

Time

  • Played on: July 2, 2022, 4:07 a.m.
  • Length: 11:55

All games in this series

Show
View Real Time Build Order
Export as new Build Order

ShoWTimE Protoss - Winner!

Build Orders: Oracle Opening 

Get SALT Encoding   

  12  0:00  Probe  
  13  0:12  Probe  
  14  0:17  Pylon  
  14  0:24  Probe (Chrono Boost)  
  16  0:36  Probe (Chrono Boost), Gateway  
  16  0:43  Probe (Chrono Boost)  
  16  0:45  Assimilator  
  17  0:51  Probe  
  18  1:03  Probe (Chrono Boost)  
  19  1:04  Assimilator  
  19  1:09  Gateway  
  19  1:13  Probe (Chrono Boost)  
  19  1:18  Probe (Chrono Boost)  
  20  1:23  Cybernetics Core  
  21  1:29  Probe  
  22  1:35  Pylon  
  22  1:41  Probe  
  23  1:53  Probe  
  24  1:59  Stalker  
  24  2:00  Stalker  
  28  2:03  Warp Gate  
  28  2:11  Pylon  
  28  2:26  Stargate  
  28  2:47  Nexus  
  28  2:55  Stalker  
  30  3:03  Stalker  
  32  3:07  Probe  
  32  3:13  Oracle (Chrono Boost)  
  36  3:23  Pylon  
  36  3:26  Probe  
  36  3:38  Probe  
  36  3:40  Oracle (Chrono Boost)  
  38  3:55  Stalker x2  
  40  4:00  Probe  
  40  4:01  Probe  
  40  4:12  Probe  
  41  4:18  Stalker  
  41  4:19  Stalker  
  41  4:22  Probe (Chrono Boost)  
  47  4:31  Probe (Chrono Boost)  
  47  4:33  Probe (Chrono Boost)  
  47  4:35  Twilight Council  
  49  4:38  Probe (Chrono Boost)  
  49  4:39  Probe (Chrono Boost)  
  50  4:48  Probe  
  50  4:50  Probe  
  50  4:51  Stalker  
  50  5:00  Probe (Chrono Boost)  
  50  5:02  Blink (Chrono Boost)  
  52  5:07  Probe (Chrono Boost)  
  52  5:11  Probe (Chrono Boost)  
  53  5:16  Probe (Chrono Boost), Gateway  
  53  5:17  Probe (Chrono Boost)  
  53  5:18  Pylon  
  55  5:26  Probe  
  56  5:29  Probe, Gateway  
  57  5:38  Probe  
  57  5:41  Pylon, Probe  
  59  5:47  Stalker x2  
  63  5:59  Nexus  
  63  6:03  Probe x2  
  65  6:09  Shield Battery  
  65  6:15  Assimilator  
  65  6:19  Stalker x3  
  65  6:24  Stalker  
  73  6:27  Probe x2  
  73  6:32  Pylon  
  75  6:38  Forge  
  76  6:40  Probe  
  76  6:46  Probe  
  77  6:50  Stalker  
  77  6:51  Stalker x2  
  77  6:54  Probe  
  84  7:03  Probe  
  84  7:05  Pylon  
  83  7:16  Protoss Ground Weapons Level 1 (Chrono Boost), Stalker x4  
  83  7:17  Probe  
  83  7:18  Probe x2  
  92  7:29  Probe  
  91  7:30  Probe x2  
  93  7:41  Probe  
  93  7:42  Stalker x3, Probe x2  
  99  7:52  Gateway  
  99  7:55  Pylon, Gateway  
  99  7:59  Robotics Facility  
  99  8:01  Photon Cannon  
  99  8:09  Photon Cannon  
  99  8:18  Shield Battery  
  99  8:19  Pylon  
  99  8:20  Stalker x3  
  99  8:25  Probe x2  
  99  8:26  Probe  
  105  8:37  Probe  
  105  8:38  Gateway  
  106  8:42  Gateway  
  106  8:49  Stalker x5  
  106  8:55  Zealot  
  118  9:02  Probe x3  
  121  9:05  Pylon  
  121  9:07  Charge (Chrono Boost)  
  121  9:11  Observer (Chrono Boost)  
  121  9:15  Nexus  
  122  9:17  Pylon  
  122  9:18  Zealot  
  122  9:22  Pylon  
  124  9:24  Stalker, Pylon, Zealot  
  124  9:27  Stalker  
  130  9:34  Protoss Ground Weapons Level 2 (Chrono Boost)  
  130  9:36  Probe  
  130  9:38  Probe x2  
  129  9:48  Probe  
  129  9:50  Probe  
  129  9:51  Probe, Gateway  
  132  9:54  Gateway  
  132  10:00  Probe  
  132  10:02  Probe  
  132  10:03  Probe  
  132  10:06  Zealot x4  
  132  10:07  Zealot x4  
  149  10:11  Pylon  
  151  10:14  Probe  
  151  10:15  Photon Cannon  
  151  10:17  Warp Prism (Chrono Boost)  
  154  10:36  Stalker x4  
  154  10:39  Pylon  
  162  10:44  Nexus  
  162  10:45  Probe x2  
  162  10:46  Probe  
  162  10:48  Probe  
  166  10:54  Zealot x3  
  166  10:55  Observer  
  173  11:12  Zealot x7  
  177  11:32  Zealot  
  177  11:33  Zealot x4  
  181  11:46  Zealot x5  
Show
View Real Time Build Order
Export as new Build Order

Nice Protoss 

Build Orders: Oracle Opening 

Get SALT Encoding   

  12  0:00  Probe  
  13  0:12  Probe  
  14  0:17  Pylon  
  14  0:24  Probe (Chrono Boost)  
  16  0:36  Probe (Chrono Boost)  
  16  0:37  Gateway  
  16  0:41  Probe (Chrono Boost)  
  16  0:46  Assimilator  
  17  0:53  Probe (Chrono Boost)  
  17  0:56  Assimilator  
  18  1:05  Probe (Chrono Boost)  
  18  1:09  Gateway  
  19  1:14  Probe (Chrono Boost)  
  20  1:19  Probe  
  21  1:25  Cybernetics Core  
  21  1:31  Probe  
  22  1:37  Pylon  
  22  1:43  Probe  
  23  1:55  Probe  
  24  2:02  Stalker x2  
  24  2:04  Warp Gate  
  28  2:14  Pylon  
  28  2:22  Pylon  
  28  2:32  Stalker x2  
  32  2:43  Stargate  
  31  3:07  Nexus  
  31  3:08  Probe  
  32  3:18  Pylon  
  32  3:20  Probe  
  32  3:25  Oracle (Chrono Boost)  
  33  3:32  Probe  
  37  3:52  Oracle (Chrono Boost)  
  36  3:58  Probe  
  36  4:00  Stalker  
  36  4:01  Stalker  
  37  4:10  Probe  
  37  4:15  Shield Battery  
  38  4:21  Probe (Chrono Boost)  
  38  4:22  Probe (Chrono Boost)  
  40  4:27  Stalker  
  40  4:28  Stalker  
  44  4:33  Probe (Chrono Boost)  
  44  4:34  Probe (Chrono Boost)  
  46  4:41  Probe (Chrono Boost)  
  44  4:46  Twilight Council  
  43  4:55  Probe x2  
  42  5:03  Stalker x2  
  46  5:07  Probe  
  46  5:09  Probe  
  48  5:15  Blink (Chrono Boost)  
  48  5:19  Probe  
  49  5:25  Probe  
  49  5:26  Pylon  
  50  5:31  Probe  
  51  5:37  Probe  
  52  5:43  Probe  
  52  5:45  Robotics Facility  
  53  5:52  Nexus  
  53  5:55  Stalker  
  52  6:02  Stalker  
  52  6:03  Probe x2  
  56  6:14  Pylon  
  56  6:15  Probe x2  
  58  6:19  Shield Battery  
  58  6:22  Stalker  
  60  6:27  Probe x2  
  60  6:28  Assimilator  
  62  6:36  Forge  
  62  6:39  Probe x2  
  64  6:46  Stalker  
  66  6:51  Probe  
  66  6:52  Probe  
  68  6:54  Gateway  
  68  6:57  Stalker  
  70  7:03  Shield Battery  
  69  7:11  Stalker  
  69  7:13  Probe  
  68  7:19  Probe  
  68  7:20  Probe  
  68  7:23  Stalker  
  68  7:25  Probe  
  70  7:32  Probe  
  71  7:44  Assimilator  
  70  7:47  Pylon  
  70  7:56  Protoss Ground Weapons Level 1, Pylon  
  70  7:58  Pylon  
  70  8:02  Gateway  
  70  8:04  Immortal (Chrono Boost), Gateway  
  70  8:07  Stalker x2  
  70  8:09  Gateway  
  78  8:20  Photon Cannon  
  78  8:21  Photon Cannon  
  78  8:30  Immortal (Chrono Boost)  
  79  8:38  Robotics Bay  
  79  8:45  Stalker x3  
  79  8:46  Pylon  
  84  8:54  Nexus  
  82  8:56  Probe x2  
  82  9:00  Robotics Facility  
  84  9:06  Observer (Chrono Boost), Shield Battery  
  84  9:08  Probe  
  84  9:09  Probe  
  87  9:17  Pylon  
  87  9:21  Stalker  
  91  9:26  Stalker x2  
  91  9:28  Probe  
  95  9:33  Disruptor (Chrono Boost)  
  98  9:41  Stalker  
  98  9:43  Shield Battery  
  98  9:45  Stalker  
  101  9:48  Shield Battery  
  101  9:50  Sentry  
  101  9:51  Sentry  
  105  9:57  Stalker  
  107  10:00  Pylon  
  107  10:04  Probe  
  109  10:11  Assimilator  
  109  10:13  Assimilator  
  108  10:19  Probe x3  
  111  10:22  Disruptor (Chrono Boost)  
  114  10:31  Pylon, Probe x2  
  114  10:32  Probe  
  116  10:43  Probe x2  
  116  10:48  Disruptor (Chrono Boost), Probe  
  122  10:53  Stalker  
  122  10:55  Probe x2  
  122  10:57  Gateway  
  126  11:05  Stalker x2  
  126  11:08  Pylon  
  128  11:28  Stalker x2  
  125  11:39  Stalker x3  

Tags
 
Add a new tag
Caveats
  • Supply blocks, unpowered buildings, or Contaminate may cause inaccurate times.
  • Supply counts are checked every 10 seconds.